 Dungeon Crawl Stone Soup version 0.25-a0-614-g73ad250 (webtiles) character file.

Game seed: 16993497623788249439, levelgen mode: deterministic

770 Faca the Skirmisher (level 8, 0/65 HPs)
             Began as a Human Fighter on Mar 17, 2020.
             Was a Follower of Okawaru.
             Slain by an orc priest (1 damage)
             ... on level 5 of the Dungeon.
             The game lasted 00:11:19 (4750 turns).

Faca the Skirmisher (Human Fighter)                 Turns: 4750, Time: 00:11:20

Health: 0/65       AC: 14    Str: 19    XL:     8   Next: 9%
Magic:  8/8        EV:  5    Int:  8    God:    Okawaru [*.....]
Gold:   208        SH:  0    Dex: 15    Spells: 7/7 levels left

rFire    . . .     SeeInvis .   a - +1 long sword
rCold    . . .     Gourm    .   c - +1 kite shield
rNeg     . . .     Faith    .   g - +0 chain mail
rPois    .         Spirit   .   k - +1 helmet
rElec    .         Reflect  .   m - +0 cloak
rCorr    .         Harm     .   q - +0 pair of gloves
MR       .....                  b - +0 pair of boots
Stlth    ..........             (no amulet)
HPRegen  0.20/turn              l - +2 ring of dexterity
MPRegen  0.11/turn              (no ring)

@: confused
A: no striking features
a: Heroism, Renounce Religion


You were on level 5 of the Dungeon.
You worshipped Okawaru.
Okawaru was aware of your devotion.
You were very hungry.

You visited 1 branch of the dungeon, and saw 5 of its levels.

You collected 208 gold pieces.

Inventory:

Hand Weapons
 a - a +1 long sword (weapon)
Missiles
 j - 2 boomerangs
 s - 17 poisoned darts (quivered)
Armour
 b - a +0 pair of boots (worn)
 c - a +1 kite shield (worn)
 g - a +0 chain mail (worn)
 k - a +1 helmet (worn)
 m - a +0 cloak (worn)
 q - a +0 pair of gloves (worn)
Jewellery
 l - a +2 ring of dexterity (left hand)
Scrolls
 e - a scroll of enchant armour
 i - 2 scrolls of fear
 n - a scroll of blinking
 o - a scroll of enchant weapon
 p - a scroll of fog
Potions
 d - a potion of might
 h - a potion of lignification
 r - a potion of mutation
Comestibles
 f - 3 rations


   Skills:
 + Level 6.6 Fighting
 + Level 6.2 Long Blades
 - Level 3.0 Armour
 - Level 3.0 Shields


You had 7 spell levels left.
You didn't know any spells.
Your spell library contained the following spells:

 Spells                   Type           Power        Failure   Level  Hunger
 Freeze                   Ice            #...         100%        1    ##.....
 Frozen Ramparts          Ice            #.....       100%        3    ####...
 Ozocubu's Armour         Chrm/Ice       #.......     100%        3    ####...
 Hailstorm                Conj/Ice       #.......     100%        4    #####..
 Summon Ice Beast         Ice/Summ       #.......     100%        4    #####..


Dungeon Overview and Level Annotations

Branches:
Dungeon (5/15)
 Temple: D:4-7

Altars:
Okawaru
Trog
The Shining One

Annotations:
D:5 Blork the orc


Message History

You completely miss the orc priest.
The orc priest is severely wounded.
The orc priest hits you but does no damage. x2
The orc wizard hits you but does no damage.
You closely miss the orc priest.
The orc priest is severely wounded.
The orc priest hits you. The orc priest barely misses you.
The orc wizard gestures at you while chanting.
You are more confused.
The orc priest begins to cast a cantrip, but forgets the words!
The orc priest mumbles some strange prayers to Beogh against you.
Beogh smites you!
* * * LOW HITPOINT WARNING * * *
Okay, then.
The orc priest calls down the wrath of Beogh upon you.
Pain shoots through your body!
* * * LOW HITPOINT WARNING * * *
The orc wizard hits you but does no damage.
The orc priest hits you.
You die...

# ##.## #.
....# #.
##..# #! ##.
# #####.#####
...
..........#
....
.......oo.#
#####
####.=o@# ###
##### ##.#.#
...
.....####...#
###
#.......## #
#.......# #
##......# #
#...##...# #
##...#....# #
#......_....


You could see 2 orc priests and an orc wizard.

Vanquished Creatures
  Sigmund (D:3)
  2 sky beasts (D:5)
  A centaur (D:3)
  An ogre (D:5)
  A crimson imp (D:5)
  A hound (D:4)
  A jelly (D:5)
  2 orc wizards
  A worker ant (D:4)
  5 adders
  3 worms
  2 dart slugs
  4 leopard geckos
  7 orcs
  A ball python (D:2)
  2 giant cockroaches
  7 goblins
  8 hobgoblins
  11 jackals
  7 kobolds
  A quokka (D:3)
  4 bats
  7 frilled lizards
  5 rats
85 creatures vanquished.

Notes
Turn   | Place    | Note
-------+----------+-------------------------------------------
     0 | D:1      | Faca the Human Fighter began the quest for the Orb.
     0 | D:1      | Reached XP level 1. HP: 18/18 MP: 1/1
   222 | D:1      | Reached XP level 2. HP: 24/24 MP: 2/2
   871 | D:2      | Reached XP level 3. HP: 26/29 MP: 3/3
  1317 | D:2      | Reached XP level 4. HP: 37/37 MP: 4/4
  1558 | D:3      | Found a glowing golden altar of the Shining One.
  1835 | D:3      | Found an iron altar of Okawaru.
  1842 | D:3      | Noticed Sigmund
  1844 | D:3      | Noticed a centaur
  1861 | D:3      | Reached XP level 5. HP: 38/43 MP: 5/5
  1883 | D:3      | Killed a centaur
  1883 | D:3      | Reached XP level 6. HP: 34/50 MP: 6/6
  1892 | D:3      | Killed Sigmund
  1892 | D:3      | Reached skill level 5 in Fighting
  1892 | D:3      | Reached skill level 5 in Long Blades
  1892 | D:3      | Reached XP level 7. HP: 8/56 MP: 7/7
  2153 | D:3      | Became a worshipper of Warmaster Okawaru
  2182 | D:3      | HP: 4/84 [poisoned by kobold (curare-tipped dart)]
  2198 | D:3      | HP: 4/84 [poisoned by kobold (curare-tipped dart)]
  2204 | D:3      | HP: 4/84 [poisoned by kobold (curare-tipped dart)]
  2210 | D:3      | HP: 2/56 [poisoned by kobold (curare-tipped dart)]
  3564 | D:5      | Entered Level 5 of the Dungeon
  3834 | D:5      | Noticed Blork the orc
  4685 | D:5      | Reached * piety under Okawaru
  4709 | D:5      | Found a bloodstained altar of Trog.
  4728 | D:5      | Reached XP level 8. HP: 58/65 MP: 8/8
  4748 | D:5      | HP: 1/65 [orc priest/nerve-wracking pain (11)]
  4750 | D:5      | Slain by an orc priest

Levels and vault maps discovered:
D:1:      matt_arrival_diagonals, layout_loops_ring
D:2:      layout_basic
D:3:      layout_basic, tso_metal_star, okawaru_metal_pillars_1_2, uniq_sigmund
D:4:      layout_basic, serial_glass, glass_columns_a, glass_columns_b,
          first_ration
D:5:      layout_loops_ring, nicolae_overflow_hidden_temple,
          nicolae_overflow_crystal_walls, minmay_fire_ice_demons,
          uniq_blork_the_orc

Skill      XL: |  1  2  3  4  5  6  7 |
---------------+----------------------+-----
Long Blades    | 3 4 5 6 |  6.2
Fighting       | 4 5 6 |  6.6
Armour         | |  3.0
Shields        | |  3.0

Action                   |  1- 3 |  4- 6 |  7- 9 || total
-------------------------+-------+-------+-------++-------
Melee: Long sword        |   102 |   116 |   127 ||   345
Throw: Dart              |       |       |     5 ||     5
       Boomerang         |       |       |     4 ||     4
  Use: Scroll            |     7 |     3 |     5 ||    15
       Potion            |       |     2 |     5 ||     7
  Eat: Chunk             |     1 |     2 |     5 ||     8
       Ration            |       |       |     1 ||     1
Armor: Scale mail        |    34 |       |       ||    34
       Chain mail        |    17 |    86 |    73 ||   176
       Skin              |       |       |     3 ||     3
Dodge: Dodged            |    22 |    21 |    25 ||    68
Block: Kite shield       |    52 |    63 |    70 ||   185
       Rpst.: Long sword |     7 |     7 |    10 ||    24

Table legend:
 A = Non-vault XP
 B = Vault XP
 C = Vault XP percentage of total XP
 D = Non-vault monster count
 E = Vault monster count
 F = Vault count percentage of total count
                 A         B        C        D         E       F
            +---------+---------+-------+---------+---------+-------
      Total |     862 |     238 |  21.6 |      84 |       1 |   1.2
            +---------+---------+-------+---------+---------+-------
        D:1 |      16 |       0 |   0.0 |       9 |       0 |   0.0
        D:2 |      62 |       0 |   0.0 |      20 |       0 |   0.0
        D:3 |     236 |     238 |  50.2 |      38 |       1 |   2.6
        D:4 |      85 |       0 |   0.0 |       6 |       0 |   0.0
        D:5 |     463 |       0 |   0.0 |      11 |       0 |   0.0
            +---------+---------+-------+---------+---------+-------
